 Dungeon Crawl Stone Soup version 0.31-a0-949-g57150269e1 (webtiles) character file.

Game seed: 4981230809405829692

2445 grtsk the Cleaver (level 9, -13/84 HPs)
             Began as a Minotaur Berserker on Oct 22, 2023.
             Was an Elder of Trog.
             Mangled by an orc warlord
             ... wielding a +3 executioner's axe
              (22 damage)
             ... in a bailey.
             The game lasted 00:08:22 (6379 turns).

grtsk the Cleaver (Minotaur Berserker)              Turns: 6379, Time: 00:08:23

Health: -13/84     AC: 13    Str: 26    XL:     9   Next: 25%
Magic:  8/8        EV:  7    Int:  4    God:    Trog [****..]
Gold:   411        SH:  0    Dex: 10    Spells: 8/8 levels left

rFire   . . .        y - +3 war axe
rCold   . . .        (no shield)
rNeg    . . .        r - +0 plate armour
rPois   .            (helmet restricted)
rElec   .            (no cloak)
rCorr   .            i - +0 pair of gloves
SInv    .            h - +0 pair of boots
Will    +++..        f - amulet of faith Stlth
                     v - ring of willpower
HPRegen 1.34/turn    (no ring)
MPRegen 0.11/turn

%: faith
@: strong-willed, on berserk cooldown, regenerating, slowed, very slow
A: horns 2, retaliatory headbutt
a: Renounce Religion, Berserk, Trog's Hand, Brothers in Arms


You were in a bailey.
You worshipped Trog.
Trog was greatly pleased with you.
You visited 1 branch of the dungeon, and saw 7 of its levels.
You also visited: Bailey.

You collected 411 gold pieces.

Inventory:

Hand Weapons
 y - a +3 war axe (weapon)
Armour
 h - a +0 pair of boots (worn)
 i - a +0 pair of gloves (worn)
 r - a +0 plate armour (worn)
Jewellery
 f - an amulet of faith (around neck)
 v - a ring of willpower (left hand)
Wands
 l - a wand of polymorph (9)
Scrolls
 a - a scroll of butterflies {unknown}
 b - a scroll of noise {unknown}
 c - 2 scrolls of silence {unknown}
 e - 3 scrolls of enchant armour {unknown}
 g - a scroll of immolation {unknown}
 j - a scroll of revelation {unknown}
 m - 5 scrolls of identify {unknown}
 o - a scroll of amnesia {unknown}
 t - 2 scrolls of blinking {unknown}
 u - a scroll of fog {unknown}
 B - 3 scrolls of teleportation {unknown}
 C - 3 scrolls of fear {unknown}
Potions
 d - 2 potions of enlightenment {unknown}
 k - 5 potions of curing {unknown}
 n - a potion of resistance {unknown}
 p - 2 potions of mutation {unknown}
 q - 2 potions of berserk rage {unknown}
 s - 2 potions of heal wounds {unknown}
 w - a potion of invisibility {unknown}
 x - 3 potions of brilliance {unknown}
 z - a potion of lignification {unknown}
 A - a potion of cancellation {unknown}


   Skills:
 + Level 9.4 Fighting
 * Level 12.6 Axes
 - Level 2.4 Armour
 - Level 2.1 Dodging


You had 8 spell levels left.
You didn't know any spells.
Your spell library was empty.

Dungeon Overview and Level Annotations

Branches:
Dungeon (7/15)             Temple (0/1) D:7          Bailey (1/1)

Altars:
Fedhas
Kikubaaqudgha
Trog
Xom
Zin

Shops:
D:1 :


Innate Abilities, Weirdness & Mutations

You have a pair of horns on your head.
You reflexively headbutt those who attack you in melee.


Message History

The orc warlord is heavily wounded.
You barely miss the orc warlord. You headbutt the orc warlord!
The orc warlord is heavily wounded.
The orc warlord barely misses you.
You hit the orc warlord. You headbutt the orc warlord!
The orc warlord is severely wounded.
You slash the orc warlord! Your headbutt misses the orc warlord.
The orc warlord is severely wounded.
The orc warlord hits you with a +3 executioner's axe!!
You barely miss the orc warlord.
The orc warlord is severely wounded.
You hit the orc warlord but do no damage.
The orc warlord is severely wounded.
The orc warlord hits you with a +3 executioner's axe!!
You hit the orc warlord.
The orc warlord is severely wounded.
You hit the goblin. You barely miss the orc warlord.
Your headbutt misses the orc warlord.
The orc warlord is severely wounded.
You slash the goblin!
You kill the goblin!
Trog accepts your kill.
You hear a splash. x2
The orc warlord hits you with a +3 executioner's axe!
* * * LOW HITPOINT WARNING * * *
You barely miss the orc warlord.
The orc warlord is severely wounded.
You closely miss the orc warlord. Your headbutt misses the orc warlord.
The orc warlord is severely wounded.
You are no longer berserk.
You are exhausted.
You feel yourself slow down.
The orc warlord hits you with a +3 executioner's axe!
* * * LOW HITPOINT WARNING * * *
You hit the orc warlord but do no damage.
The orc warlord is severely wounded.
The orc warlord barely misses you.
Your ogre goes berserk!
The orc warlord hits you with a +3 executioner's axe!!
You die...

♣♣...~~~.##.........##(~~~...♣♣
♣∩...~~~.#~....∩....~#))~~...∩♣
♣♣...~~~.#~.........~#(~~~...♣♣
♣...~~~.#~~.8...8.~ #.~~~...♣
♣♣..###)###.......###)###..♣♣
♣.##.(..#~.8...8.~#....##.♣
♣##.....#~~~~~~O~~#.(...##♣
##......####~)o####......##
#...8......#''@#......8...#
#.........................#
#........)................#
##..8..8.).........8..8..##
##.......#######.......##
##.....## ##.....## ##...##
##...## ##### #####


You could see an orc warlord (ally target) and a friendly ogre (summoned,
berserk).

Vanquished Creatures
  Sigmund (D:3)
  2 water moccasins
  An ice beast (D:7)
  5 orc warriors (Bailey)
  2 black bears
  A sky beast (D:7)
  An ogre (D:5)
  A centaur (D:5)
  3 phantoms
  A kobold brigand (D:6)
  2 scorpions
  3 hounds
  A jelly (D:5)
  A gnoll bouda (D:6)
  4 orc priests (D:3)
  Jessica (D:3)
  An iguana (D:5)
  Natasha (twice) (D:3)
  An orc wizard (D:4)
  9 gnolls
  6 adders
  A white imp (D:6)
  2 worms (D:2)
  17 orcs
  9 bats
  7 endoplasms
  7 giant cockroaches
  5 goblins
  10 hobgoblins
  4 jackals (D:1)
  3 quokkas
  9 ball pythons
  6 frilled lizards
  24 kobolds
  8 rats
161 creatures vanquished.

Notes
Turn   | Place    | Note
-------+----------+-------------------------------------------
     0 | D:1      | grtsk the Minotaur Berserker began the quest for the Orb.
     0 | D:1      | Reached XP level 1. HP: 19/19 MP: 0/0
    68 | D:1      | Found Vakh's Book Emporium.
   179 | D:1      | Reached skill level 4 in Axes
   221 | D:1      | Reached XP level 2. HP: 26/27 MP: 1/1
   602 | D:1      | Reached ** piety under Trog
   924 | D:1      | Reached XP level 3. HP: 28/33 MP: 2/2
  1281 | D:2      | Reached skill level 5 in Axes
  1433 | D:2      | Reached XP level 4. HP: 30/41 MP: 3/3
  2052 | D:3      | Found a blossoming altar of Fedhas.
  2119 | D:3      | Noticed a phantom
  2129 | D:3      | Killed a phantom
  2130 | D:3      | Reached skill level 5 in Fighting
  2130 | D:3      | Reached skill level 6 in Axes
  2130 | D:3      | Reached XP level 5. HP: 48/48 MP: 4/4
  2269 | D:3      | Found a bloodstained altar of Trog.
  2458 | D:3      | Noticed Natasha
  2469 | D:3      | Killed Natasha
  2571 | D:3      | Reached skill level 7 in Axes
  2571 | D:3      | Reached XP level 6. HP: 56/56 MP: 5/5
  2660 | D:3      | Found a faded altar of an unknown god.
  2661 | D:3      | Noticed Jessica
  2669 | D:3      | Killed Jessica
  2769 | D:3      | Reached *** piety under Trog
  2816 | D:3      | Noticed Sigmund
  2823 | D:3      | Killed Sigmund
  2824 | D:3      | Reached skill level 8 in Axes
  3136 | D:3      | Noticed Natasha
  3141 | D:3      | Killed Natasha
  3142 | D:3      | Reached XP level 7. HP: 63/63 MP: 6/6
  3803 | D:4      | Reached skill level 9 in Axes
  4190 | D:5      | Entered Level 5 of the Dungeon
  4488 | D:5      | Reached XP level 8. HP: 59/73 MP: 7/7
  4491 | D:5      | Reached skill level 10 in Axes
  5099 | D:6      | Found a shimmering altar of Xom.
  5408 | D:6      | Reached skill level 11 in Axes
  5497 | D:6      | Reached **** piety under Trog
  5802 | D:6      | Found an ancient bone altar of Kikubaaqudgha.
  5961 | D:7      | Found a staircase to the Ecumenical Temple.
  5976 | D:7      | Found a glowing silver altar of Zin.
  5976 | D:7      | Noticed an angel
  6058 | D:7      | Found a flagged portal.
  6071 | Bailey   | Entered a bailey
  6076 | Bailey   | Noticed an orc warlord
  6097 | Bailey   | Reached XP level 9. HP: 82/82 MP: 8/8
  6100 | Bailey   | Reached skill level 12 in Axes
  6222 | Bailey   | Found a runed translucent gate.
  6225 | Bailey   | Found a runed translucent gate.
  6227 | Bailey   | Found a runed translucent gate.
  6379 | Bailey   | Mangled by an orc warlord

Illustrated notes

Levels and vault maps discovered:
D:1:      minmay_arrival_jagged, layout_loops_corners, serial_shops,
          nicolae_shop_hallway_plus
D:2:      minmay_general_purpose_star, layout_loops_cross
D:3:      layout_loops_corners, amcnicky_altar_gilded,
          mainiacjoe_overflow_alcove_4, hellmonk_ecumenical_altar_lost_god,
          minmay_misc_feat_more_columns, grunt_ministairs_8,
          kennysheep_generic_room_10, uniq_jessica, uniq_sigmund, uniq_natasha
D:4:      layout_loops_cross, minmay_misc_feat_tower
D:5:      layout_loops_ring, serial_bayou_lagoon_b
D:6:      layout_cave_pods, lemuel_doored_altar, mainiacjoe_overflow_alcove_1,
          eino_small_chamber_without_monster
D:7:      cheibrodos_shockbox, layout_loops_ring, dk_yredelemnul_ordeal,
          okawaru_humans, zin_angel, minmay_temple_entry_junction_2,
          enter_bailey_2
Bailey:   bailey_axe_bossmonster_kennysheep, bailey

Skill      XL: |  1  2  3  4  5  6  7  8  9 |
---------------+----------------------------+-----
Axes           | 4 5 6 7 8 9 11 12 | 12.6
Fighting       | 4 5 6 7 8 9 |  9.4
Armour         | |  2.4
Dodging        | |  2.1

Action                     |  1- 3 |  4- 6 |  7- 9 || total
---------------------------+-------+-------+-------++-------
  Melee: Hand axe          |    96 |    69 |    42 ||   207
         Headbutt          |    12 |     9 |    34 ||    55
         Punch             |     1 |     1 |     1 ||     3
         War axe           |       |       |   181 ||   181
 Invoke: Berserk           |       |     4 |     5 ||     9
         Trog's Hand       |       |     1 |     3 ||     4
         Brothers in Arms  |       |       |     1 ||     1
   Stab: Sleeping          |     1 |       |       ||     1
 Armour: Animal skin       |    51 |     5 |       ||    56
         Ring mail         |       |    32 |    34 ||    66
         Plate armour      |       |       |   143 ||   143
  Dodge: Dodged            |    61 |    37 |    65 ||   163

Table legend: (Time is in decaauts)
 A = Elapsed time spent in this place.
 B = Non-inter-level travel time spent in this place.
 C = Inter-level travel time spent in this place.
 D = Time resting spent in this place.
 E = Time spent auto-exploring this place.
 F = Levels seen in this place.
 G = Mean time per level.
                   A        B        C        D        E       F      G
               +--------+--------+--------+--------+--------+-----+--------+
         Total |   6465 |   6186 |    279 |    479 |   4786 |   8 |  808.1 |
       Dungeon |   6164 |   5885 |    279 |    479 |   4604 |   7 |  880.6 |
        Bailey |    300 |    300 |      0 |      0 |    182 |   1 |  300.0 |
               +--------+--------+--------+--------+--------+-----+--------+

Top non-repeatable levels by time:
     D:3: 1231 daAuts
     D:1: 1146 daAuts
     D:4: 959 daAuts
     D:5: 914 daAuts
     D:2: 912 daAuts
     D:6: 889 daAuts
  Bailey: 300 daAuts
     D:7: 109 daAuts
